 Dungeon Crawl Stone Soup version 0.21.0-25-ge575cb9ce8 (webtiles) character file.

7014 Bapho the Covert (level 11, -10/69 HPs)
             Began as a Kobold Berserker on Jan 25, 2018.
             Was a High Priest of Trog.
             Mangled by a wraith (13 damage)
             ... led by Josephine
             ... on level 10 of the Dungeon.
             The game lasted 00:35:36 (12217 turns).

Bapho the Covert (Kobold Berserker)                Turns: 12217, Time: 00:35:37

Health: -10/69     AC:  4    Str: 15    XL:     11   Next: 29%
Magic:  11/11      EV: 23    Int:  9    God:    Trog [*****.]
Gold:   760        SH:  0    Dex: 17    Spells: 10/10 levels left

rFire    + . .     SeeInvis +   b - +2 dagger (elec)
rCold    + . .     Gourm    .   (shield restricted)
rNeg     . . .     Faith    .   B - +0 robe
rPois    +         Spirit   .   k - +0 helmet
rElec    .         Reflect  .   r - scarf {rC+ rF+}
rCorr    .         Harm     .   (no gloves)
MR       .....                  t - +0 pair of boots
Stlth    ++++++....             M - amulet of regeneration
HPRegen  0.61/turn              n - ring of see invisible
MPRegen  0.12/turn              W - ring of poison resistance

@: slowed, very slow
A: small, carnivore
a: Berserk, Trog's Hand, Brothers in Arms, Burn Spellbooks, Renounce Religion


You were on level 10 of the Dungeon.
You worshipped Trog.
Trog was extremely pleased with you.
You were completely stuffed.

You visited 1 branch of the dungeon, and saw 10 of its levels.
You also visited: Sewer and Ossuary.

You collected 760 gold pieces.

Inventory:

Hand Weapons
 a - a +0 short sword
 b - a +2 dagger of electrocution (weapon)
 h - a +0 dagger of venom
 E - a +2 quarterstaff of protection
 G - the +0 mace of Atrat {crush, rF+}
   (You found it on level 7 of the Dungeon)

   It inflicts extra damage upon your enemies.
   It protects you from fire.
Missiles
 d - 318 stones (quivered)
 q - 82 bolts
 O - 2 needles of frenzy
 P - 6 needles of sleeping
Armour
 k - a +0 helmet (worn)
 r - a scarf of resistance (worn)
 t - a +0 pair of boots (worn)
 B - a +0 robe (worn)
Jewellery
 n - a ring of see invisible (left hand)
 p - a +3 ring of intelligence
 M - an amulet of regeneration (around neck)
 N - an uncursed amulet of faith {unknown}
 W - a ring of poison resistance (right hand)
Wands
 i - a wand of polymorph (15)
 l - a wand of iceblast (7)
 u - a wand of flame (20)
 S - a wand of paralysis (4)
 T - a wand of random effects (39)
Scrolls
 w - 2 scrolls of enchant armour {unknown}
 x - a scroll of magic mapping
 y - a scroll of fear
 A - a scroll of holy word {unknown}
 F - 3 scrolls of teleportation {unknown}
 J - 2 scrolls of identify
 K - a scroll of blinking {unknown}
 L - 2 scrolls of random uselessness {unknown}
 R - 2 scrolls of noise {unknown}
 X - 2 scrolls of remove curse
 Y - a scroll of immolation {unknown}
 Z - a scroll of fog {unknown}
Potions
 e - 3 potions of might {unknown}
 f - 3 potions of haste {unknown}
 g - a potion of mutation {unknown}
 j - 5 potions of curing
 m - a potion of degeneration {unknown}
 o - 6 potions of flight
 s - a potion of berserk rage {unknown}
 z - 6 potions of heal wounds {unknown}
 D - a potion of brilliance {unknown}
 H - 2 potions of invisibility {unknown}
 I - a potion of ambrosia {unknown}
 Q - 2 potions of lignification {unknown}
 U - 2 potions of agility {unknown}
Books
 C - a book of Cantrips

   Spells                             Type                      Level
   a - Confusing Touch                Hexes                        1
   b - Animate Skeleton               Necromancy                   1
   c - Summon Small Mammal            Summoning                    1
   d - Apportation                    Translocation                1
   Trog disapproves of the use of such an item.
 V - a book of Geomancy

   Spells                             Type                      Level
   a - Sandblast                      Earth                        1
   b - Passwall                       Transmutation/Earth          2
   c - Stone Arrow                    Conjuration/Earth            3
   d - Petrify                        Transmutation/Earth          4
   e - Lee's Rapid Deconstruction     Earth                        5
   Trog disapproves of the use of such an item.
Comestibles
 c - 17 rations


   Skills:
 - Level 8.6 Fighting
 - Level 10.1 Short Blades
 - Level 1.5 Armour
 - Level 10.3 Dodging
 + Level 13.9 Stealth


You had 10 spell levels left.
You didn't know any spells.

Dungeon Overview and Level Annotations

Branches:
Dungeon (10/15)            Temple (0/1) D:4             Orc (0/2) D:10
   Lair: D:8-11

Altars:
Dithmenos
Qazlal
Ru
Sif Muna
Uskayaw
Zin
The Shining One

Shops:
D:7 *   D:9 :

Annotations:
D:10 Josephine


Innate Abilities, Weirdness & Mutations

You are small and have problems with some larger weapons.
You are carnivorous and can eat meat at any time.


Message History

You feel resistant to hostile enchantments.
You feel quite a bit less full. The wraith barely misses you.
The wraith misses you.
You feel the effects of Trog's Hand fading.
The wraith hits you!
* * * LOW HITPOINT WARNING * * *
The wraith drains your vigour!
You feel as though you will be slow longer.
The wraith closely misses you.
Your skin stops crawling.
You feel less resistant to hostile enchantments.
The wraith barely misses you.
You hit the wraith but do no damage.
The wraith is severely damaged.
The wraith closely misses you.
The two-headed ogre hits you with a giant spiked club!!
* * * LOW HITPOINT WARNING * * *
The two-headed ogre misses you. The wraith hits you!
You die...

.....######..............(.......
.................................
....########.####...###..........
....# #.####...........##.##
....# #..##...... ..#..##(##
....# #..##....# #.#..†.).. ....#
#...#....# #.##.##.## ....#
#.#.#.O..####.##.##.## ....#
#.#..@W............... #####
###.##.....####.##.##.##
...................##.#
....##.....####.##......
#..........####.##.##...
...####.......†......... .
#..#.#######.##..# #..#.# #.# ..#
#....# #.#


You could see a two-headed ogre and a wraith.

Vanquished Creatures
  A two-headed ogre (D:8)
  An unseen horror (D:10)
  A deep elf mage (D:9)
  A troll (D:9)
  A wyvern (D:9)
  3 wraiths (D:10)
  A spriggan (D:7)
  Menkaure (D:4)
  Duvessa (D:5)
  2 water moccasins
  5 orc warriors
  2 sky beasts
  A phantom (D:10)
  5 ogres
  An ice beast (D:7)
  3 centaurs
  Blork the orc (D:5)
  3 big kobolds
  3 bullfrogs
  Dowan (D:5)
  3 scorpions
  4 killer bees (D:9)
  6 howler monkeys
  7 crimson imps
  A bullfrog zombie (D:8)
  2 jellies
  2 orc priests
  A centaur skeleton (D:8)
  6 hounds
  2 bullfrog skeletons (D:7)
  9 worker ants
  7 orc wizards
  A killer bee zombie (D:6)
  A big kobold zombie (Ossuary)
  A hound skeleton (D:6)
  8 mummies (Ossuary)
  16 adders
  3 river rats
  2 shadow imps
  2 oozes (Sewer)
  7 worms
  4 dart slugs
  5 leopard geckos
  19 orcs
  3 ball pythons
  5 bats
  6 giant cockroaches
  5 goblins
  8 hobgoblins
  7 jackals
  15 kobolds
  2 quokkas
  2 frilled lizards
  2 gnoll zombies (Ossuary)
  A goblin zombie (D:7)
  2 hobgoblin zombies (Ossuary)
  2 kobold zombies (Ossuary)
  An orc zombie (Ossuary)
  2 quokka skeletons
  10 rats
  A rat zombie (D:7)
231 creatures vanquished.

Vanquished Creatures (others)
  A kobold (D:2)
  A fungus (D:10)
2 creatures vanquished.

Grand Total: 233 creatures vanquished

Notes
Turn   | Place    | Note
-------+----------+-------------------------------------------
     0 | D:1      | Bapho the Kobold Berserker began the quest for the Orb.
     0 | D:1      | Reached XP level 1. HP: 14/14 MP: 1/1
   276 | D:1      | Reached XP level 2. HP: 19/19 MP: 2/2
   455 | D:1      | Found a glowing golden altar of the Shining One.
   601 | D:1      | Reached ** piety under Trog
   601 | D:1      | Reached XP level 3. HP: 23/23 MP: 3/3
   648 | D:1      | Reached skill level 5 in Short Blades
  1046 | D:2      | Reached skill level 1 in Stealth
  1322 | D:2      | Found a glowing silver altar of Zin.
  1351 | D:2      | Reached skill level 2 in Stealth
  1421 | D:2      | Reached XP level 4. HP: 28/28 MP: 4/4
  1493 | D:2      | Found a faded altar of an unknown god.
  1630 | D:2      | Found a sacrificial altar of Ru.
  1636 | D:2      | Reached skill level 3 in Stealth
  2491 | D:3      | Found a hide-covered altar of Uskayaw.
  2706 | D:4      | Reached skill level 4 in Stealth
  2738 | D:4      | Noticed Menkaure
  2741 | D:4      | Killed Menkaure
  2741 | D:4      | Reached skill level 6 in Stealth
  2741 | D:4      | Reached XP level 5. HP: 32/32 MP: 5/5
  2741 | D:4      | Reached XP level 6. HP: 37/37 MP: 6/6
  2795 | D:4      | Reached skill level 7 in Stealth
  2996 | D:4      | Found a staircase to the Ecumenical Temple.
  3698 | D:5      | Entered Level 5 of the Dungeon
  3736 | D:5      | Noticed Dowan
  3737 | D:5      | Noticed Duvessa
  3756 | D:5      | Killed Dowan
  3756 | D:5      | Reached XP level 7. HP: 41/41 MP: 7/7
  3759 | D:5      | Killed Duvessa
  3878 | D:5      | Reached *** piety under Trog
  3999 | D:5      | Found a glowing drain.
  4007 | Sewer    | Entered a sewer
  4794 | D:5      | Reached XP level 8. HP: 43/46 MP: 8/8
  4829 | D:5      | Found a shadowy altar of Dithmenos.
  5111 | D:5      | Noticed Blork the orc
  5124 | D:5      | Killed Blork the orc
  5998 | D:6      | Reached **** piety under Trog
  5998 | D:6      | Reached skill level 10 in Short Blades
  6671 | D:7      | Reached skill level 8 in Stealth
  6751 | D:7      | Got a crude mace
  6752 | D:7      | Identified the cursed +0 mace of Atrat {crush, rF+} (You found it on level 7 of the Dungeon)
  6882 | D:7      | Found a sand-covered staircase.
  6906 | Ossuary  | Entered an ossuary
  7286 | Ossuary  | Reached skill level 5 in Fighting
  7989 | Ossuary  | Reached XP level 9. HP: 20/54 MP: 9/9
  8216 | Ossuary  | Reached skill level 9 in Stealth
  8969 | D:7      | Found Uckyecle's Assorted Antiques.
  8987 | D:7      | Reached skill level 10 in Stealth
  9333 | D:7      | Found a stormy altar of Qazlal.
  9485 | D:7      | Found a deep blue altar of Sif Muna.
  9669 | D:8      | Noticed a two-headed ogre
  9676 | D:8      | Killed a two-headed ogre
  9676 | D:8      | Reached skill level 11 in Stealth
  9676 | D:8      | Reached XP level 10. HP: 64/64 MP: 10/10
 10054 | D:8      | Reached skill level 12 in Stealth
 10344 | D:8      | Found a shadowy altar of Dithmenos.
 10729 | D:8      | Reached skill level 13 in Stealth
 11008 | D:9      | Noticed a deep elf mage
 11009 | D:9      | Reached skill level 5 in Dodging
 11014 | D:9      | Killed a deep elf mage
 11092 | D:9      | Reached ***** piety under Trog
 11202 | D:9      | Found Efitiy's Book Boutique.
 11874 | D:10     | Entered Level 10 of the Dungeon
 11874 | D:10     | Noticed an unseen horror
 11879 | D:10     | Killed an unseen horror
 11879 | D:10     | Reached XP level 11. HP: 69/69 MP: 11/11
 11935 | D:10     | Found a staircase to the Orcish Mines.
 11980 | D:10     | Reached skill level 10 in Dodging
 12106 | D:10     | Noticed Josephine
 12141 | D:10     | Noticed a two-headed ogre
 12216 | D:10     | HP: 2/69 [two-headed ogre/giant spiked club (20)]
 12217 | D:10     | Mangled by a wraith

Skill      XL: |  1  2  3  4  5  6  7  8  9 10 11 |
---------------+----------------------------------+-----
Dodging        | 3 9 10 | 10.3
Short Blades   | 5 6 9 10 | 10.1
Stealth        | 2 6 7 8 11 13 | 13.9
Fighting       | 5 8 |  8.6
Armour         | |  1.5

Action                   |  1- 3 |  4- 6 |  7- 9 | 10-12 || total
-------------------------+-------+-------+-------+-------++-------
Melee: Short sword       |    54 |       |       |       ||    54
       Dagger            |    42 |   103 |   735 |   476 ||  1356
       Mace              |       |       |     9 |       ||     9
Throw: Stone             |    94 |    12 |   114 |    34 ||   254
Invok: Berserk           |       |     1 |     6 |     4 ||    11
       Brothers in Arms  |       |       |       |     1 ||     1
       Trog's Hand       |       |       |       |     1 ||     1
  Use: Scroll            |       |     3 |     2 |       ||     5
 Stab: Sleeping          |     1 |     9 |    12 |    13 ||    35
       Distracted        |       |     1 |     1 |     1 ||     3
  Eat: Chunk             |    10 |     7 |    26 |    13 ||    56
Armor: Animal skin       |     9 |     3 |       |       ||    12
       Robe              |       |     5 |    39 |    23 ||    67
Dodge: Dodged            |    62 |    48 |   239 |   229 ||   578
